SR
ORLANDO MAGIC @ STATEN ISLAND PIZZA RATS
07/11/2032
 
TOP OF THE 1ST
Orlando Magic batting - Pitching for Staten Island Pizza Rats : RHP Ed Molloy
Pitching: RHP Ed Molloy
Batting: LHB Jimmy Wilcox 0-0: Ball
1-0: Called Strike
1-1: Swinging Strike
1-2: Ball
2-2: Ball
3-2: SINGLE (Groundball, 56D)
Batting: SHB Soren Loen 0-0: Foul Ball, location: 2F
0-1: Foul Ball, location: 2F
0-2: Strikes out looking
Batting: SHB Manny López 0-0: Ball
Jimmy Wilcox is caught stealing 2nd base
1-0: Ball
2-0: Hit by Pitch
Batting: LHB Ewan Manshert 0-0: Called Strike
0-1: Ball
Wild Pitch!
Manny López to second
1-1: Swinging Strike
1-2: Ball
2-2: Strikes out looking
Top of the 1st over - 0 runs, 1 hit, 0 errors, 1 left on base; Orlando 0 - Staten Island 0
BOTTOM OF THE 1ST
Staten Island Pizza Rats batting - Pitching for Orlando Magic : RHP Alfredo Rodríguez
Pitching: RHP Alfredo Rodríguez
Batting: LHB Dallas McMurran 0-0: Ball
1-0: Called Strike
1-1: Swinging Strike
1-2: Ball
2-2: Strikes out swinging
Batting: LHB Andrés Rodríguez 0-0: Foul Ball, location: 2F
0-1: Called Strike
0-2: Ground out 6-3 (Groundball, 6M)
Batting: RHB Heherson Inaris 0-0: Ball
1-0: Ball
2-0: Swinging Strike
2-1: Fly out, F8 (Flyball, 89D)
Bottom of the 1st over - 0 runs, 0 hits, 0 errors, 0 left on base; Orlando 0 - Staten Island 0
TOP OF THE 2ND
Orlando Magic batting - Pitching for Staten Island Pizza Rats : RHP Ed Molloy
Batting: SHB Max Bortenschlager 0-0: Reached on error, E4 (Groundball, 4)
Batting: RHB Héctor Dávila 0-0: Foul Ball, location: 2F
0-1: Ball
1-1: Hit by Pitch
Batting: RHB Adrián Xirau 0-0: Fly out, F9 (Flyball, 9)
Batting: RHB Jesús Ríos 0-0: Ball
1-0: Fly out, F9 (Flyball, 9)
Batting: RHB Ángel Castro 0-0: Ball
1-0: Ball
2-0: Fielders Choice at 2nd, 5-4 (Groundball, 56)
Top of the 2nd over - 0 runs, 0 hits, 1 error, 2 left on base; Orlando 0 - Staten Island 0
BOTTOM OF THE 2ND
Staten Island Pizza Rats batting - Pitching for Orlando Magic : RHP Alfredo Rodríguez
Batting: RHB Héctor Amaya 0-0: Called Strike
0-1: Foul Ball, location: 2F
0-2: Ball
1-2: Strikes out swinging
Batting: RHB Jeff Perkins 0-0: Foul Ball, location: 2F
0-1: Foul Ball, location: 2F
0-2: Ball
1-2: Foul Ball, location: 2F
1-2: Fly out, F6 (Popup, 15)
Batting: LHB Don Mosley 0-0: Ball
1-0: Ball
2-0: Ground out 4-3 (Groundball, 4)
Bottom of the 2nd over - 0 runs, 0 hits, 0 errors, 0 left on base; Orlando 0 - Staten Island 0
TOP OF THE 3RD
Orlando Magic batting - Pitching for Staten Island Pizza Rats : RHP Ed Molloy
Batting: LHB Jimmy Wilcox 0-0: Ball
1-0: Called Strike
1-1: Foul Ball, location: 2F
1-2: Strikes out swinging
Batting: SHB Soren Loen 0-0: Ground out U3 (Groundball, 3)
Batting: SHB Manny López 0-0: Called Strike
0-1: Ball
1-1: Ball
2-1: Ground out 3-1 (Groundball, 34)
Top of the 3rd over - 0 runs, 0 hits, 0 errors, 0 left on base; Orlando 0 - Staten Island 0
BOTTOM OF THE 3RD
Staten Island Pizza Rats batting - Pitching for Orlando Magic : RHP Alfredo Rodríguez
Batting: RHB John Mayasich 0-0: Called Strike
0-1: Ball
1-1: Foul Ball, location: 2F
1-2: Fly out, F8 (Flyball, 8RD)
Batting: RHB Carlos Gonzáles 0-0: Foul Ball, location: 2F
0-1: Ball
1-1: Ball
2-1: Ball
3-1: DOUBLE (Flyball, 78XD)
Batting: RHB Nigel Sturges 0-0: Ball
1-0: Ball
2-0: Ball
3-0: Called Strike
3-1: Called Strike
3-2: Strikes out swinging, 2-3 out at first.
Batting: LHB Dallas McMurran 0-0: Called Strike
0-1: Fly out, F9 (Flyball, 9LSF)
Bottom of the 3rd over - 0 runs, 1 hit, 0 errors, 1 left on base; Orlando 0 - Staten Island 0
TOP OF THE 4TH
Orlando Magic batting - Pitching for Staten Island Pizza Rats : RHP Ed Molloy
Batting: LHB Ewan Manshert 0-0: Called Strike
0-1: Swinging Strike
0-2: Ball
1-2: Ball
2-2: Ball
3-2: Foul Ball, location: 2F
3-2: Hit by Pitch
Batting: SHB Max Bortenschlager 0-0: Hit by Pitch
Ewan Manshert to second
Batting: RHB Héctor Dávila 0-0: Swinging Strike
0-1: Called Strike
0-2: Ball
1-2: Grounds into double play, 4-6-3 (Groundball, 4)
Ewan Manshert to third
Batting: RHB Adrián Xirau 0-0: Called Strike
0-1: Swinging Strike
0-2: Strikes out looking
Top of the 4th over - 0 runs, 0 hits, 0 errors, 1 left on base; Orlando 0 - Staten Island 0
BOTTOM OF THE 4TH
Staten Island Pizza Rats batting - Pitching for Orlando Magic : RHP Alfredo Rodríguez
Batting: LHB Andrés Rodríguez 0-0: Foul Ball, location: 2F
0-1: DOUBLE (Line Drive, 7D)
Batting: RHB Heherson Inaris 0-0: DOUBLE (Line Drive, 7D)
Andrés Rodríguez scores
Batting: RHB Héctor Amaya 0-0: Called Strike
0-1: Ball
1-1: Ball
2-1: Swinging Strike
2-2: Ground out 6-3 (Groundball, 6)
Heherson Inaris to third
Batting: RHB Jeff Perkins 0-0: Ball
1-0: Ball
2-0: Foul Ball, location: 2F
2-1: Called Strike
2-2: Foul Ball, location: 2F
2-2: Ball
3-2: Foul Ball, location: 2F
3-2: Foul Ball, location: 2F
3-2: Fly out, F9 (Line Drive, 89XD)
Runner from 3rd tags up, SCORES, no throw
Batting: LHB Don Mosley 0-0: Foul Ball, location: 2F
0-1: Ball
1-1: Ball
2-1: Foul Ball, location: 2F
2-2: Strikes out swinging
Bottom of the 4th over - 2 runs, 2 hits, 0 errors, 0 left on base; Orlando 0 - Staten Island 2
TOP OF THE 5TH
Orlando Magic batting - Pitching for Staten Island Pizza Rats : RHP Ed Molloy
Batting: RHB Jesús Ríos 0-0: Foul Ball, location: 2F
0-1: Swinging Strike
0-2: Foul Ball, location: 2F
0-2: Strikes out looking
Batting: RHB Ángel Castro 0-0: Ball
1-0: Ball
2-0: Called Strike
2-1: Foul Ball, location: 2F
2-2: SINGLE (Groundball, 6MD)
Batting: LHB Jimmy Wilcox 0-0: Fielders Choice at 2nd, 6-4 (Groundball, 6D)
Batting: SHB Soren Loen 0-0: Foul Ball, location: 2F
0-1: Foul Ball, location: 2F
0-2: Foul Ball, location: 2F
0-2: Ball
1-2: Ball
2-2: Foul Ball, location: 2F
2-2: SINGLE (Flyball, 89S)
Jimmy Wilcox to second
Batting: SHB Manny López 0-0: Ball
1-0: DOUBLE (Line Drive, 9LM)
Jimmy Wilcox scores
Soren Loen to third
Runner from 3rd tries for Home, SAFE, no throw
Batting: LHB Ewan Manshert 0-0: Called Strike
0-1: Foul Ball, location: 2F
0-2: Ball
1-2: Foul Ball, location: 2F
1-2: Strikes out swinging
Top of the 5th over - 2 runs, 3 hits, 0 errors, 1 left on base; Orlando 2 - Staten Island 2
BOTTOM OF THE 5TH
Staten Island Pizza Rats batting - Pitching for Orlando Magic : RHP Alfredo Rodríguez
Batting: RHB John Mayasich 0-0: Called Strike
0-1: Foul Ball, location: 2F
0-2: Ball
1-2: Ball
2-2: Ball
3-2: Foul Ball, location: 2F
3-2: Base on Balls
Batting: RHB Carlos Gonzáles 0-0: Sac Bunt - play at first, batter OUT! 1-4
John Mayasich to second
Batting: RHB Nigel Sturges 0-0: Foul Ball, location: 2F
0-1: Hit by Pitch
Batting: LHB Dallas McMurran 0-0: Ball
1-0: DOUBLE (Line Drive, 7LS)
John Mayasich scores
Nigel Sturges to third
Runner from 3rd tries for Home, SAFE, no throw
Batting: LHB Andrés Rodríguez 0-0: Called Strike
0-1: Ball
1-1: Called Strike
1-2: Ball
Wild Pitch!
Dallas McMurran to third
2-2: Ball
3-2: Hit by Pitch
Batting: RHB Heherson Inaris 0-0: Swinging Strike
0-1: Fly out, F8 (Flyball, 8LD)
Runner from 3rd tags up, SCORES, no throw
Batting: RHB Héctor Amaya 0-0: Ball
1-0: Ground out 6-3 (Groundball, 6M)
Bottom of the 5th over - 3 runs, 1 hit, 0 errors, 1 left on base; Orlando 2 - Staten Island 5
TOP OF THE 6TH
Orlando Magic batting - Pitching for Staten Island Pizza Rats : RHP Ed Molloy
Batting: SHB Max Bortenschlager 0-0: Called Strike
0-1: Ground out 4-3 (Groundball, 4)
Batting: RHB Héctor Dávila 0-0: Swinging Strike
0-1: Foul Ball, location: 2F
0-2: Foul Ball, location: 2F
0-2: Ball
1-2: Strikes out looking
Batting: RHB Adrián Xirau 0-0: Ball
1-0: SINGLE (Groundball, 6) (infield hit)
Batting: RHB Jesús Ríos 0-0: Ball
1-0: Ball
2-0: Called Strike
2-1: Foul Ball, location: 2F
2-2: Ball
3-2: Strikes out swinging
Top of the 6th over - 0 runs, 1 hit, 0 errors, 1 left on base; Orlando 2 - Staten Island 5
BOTTOM OF THE 6TH
Staten Island Pizza Rats batting - Pitching for Orlando Magic : RHP Alfredo Rodríguez
Batting: RHB Jeff Perkins 0-0: Called Strike
0-1: Swinging Strike
0-2: Ball
1-2: Ball
2-2: Foul Ball, location: 2F
2-2: Foul Ball, location: 2F
2-2: Foul Ball, location: 2F
2-2: Foul Ball, location: 2F
2-2: Ball
3-2: Ground out 6-3 (Groundball, 6)
Batting: LHB Don Mosley 0-0: Ball
1-0: SINGLE (Line Drive, 4MD)
Batting: RHB John Mayasich 0-0: Ball
1-0: Fly out, F7 (Flyball, 78M)
Batting: RHB Carlos Gonzáles 0-0: Ball
1-0: Swinging Strike
1-1: Ball
2-1: SINGLE (Groundball, 3D)
Don Mosley to second
Runner from 2nd tries for 3rd, SAFE, no throw
Batting: RHB Nigel Sturges 0-0: Ball
1-0: Ball
2-0: Ball
3-0: Base on Balls
Carlos Gonzáles to second
Batting: LHB Dallas McMurran 0-0: Called Strike
0-1: Foul Ball, location: 2F
0-2: Ball
1-2: Foul Ball, location: 2F
1-2: Ball
2-2: Foul Ball, location: 2F
2-2: Foul Ball, location: 2F
2-2: Ball
3-2: Ground out 4-3 (Groundball, 4)
Bottom of the 6th over - 0 runs, 2 hits, 0 errors, 3 left on base; Orlando 2 - Staten Island 5
TOP OF THE 7TH
Orlando Magic batting - Pitching for Staten Island Pizza Rats : RHP Ed Molloy
Batting: RHB Ángel Castro 0-0: Called Strike
0-1: Swinging Strike
0-2: DOUBLE (Line Drive, 78D)
Batting: LHB Jimmy Wilcox 0-0: Called Strike
0-1: Ball
1-1: Swinging Strike
1-2: Foul Ball, location: 2F
1-2: Foul Ball, location: 2F
1-2: Ball
2-2: Ball
3-2: Strikes out looking
Batting: SHB Soren Loen 0-0: Ball
1-0: Foul Ball, location: 2F
1-1: Swinging Strike
1-2: Foul Ball, location: 2F
1-2: SINGLE (Flyball, 78M)
Ángel Castro to third
Batting: SHB Manny López 0-0: Swinging Strike
0-1: Ball
1-1: Foul Ball, location: 2F
1-2: Ball
2-2: 3-RUN HOME RUN (Flyball, 9LD), Distance : 357 ft
Batting: LHB Ewan Manshert 0-0: Ball
1-0: Ball
2-0: Ball
3-0: Called Strike
3-1: Swinging Strike
3-2: Ground out 6-3 (Groundball, 6M)
Batting: SHB Max Bortenschlager 0-0: Foul Ball, location: 2F
0-1: Ball
1-1: Ball
2-1: SINGLE (Groundball, 4MD)
Pitching: RHP José Salinas
Batting: RHB Héctor Dávila 0-0: Called Strike
0-1: Swinging Strike
0-2: Strikes out looking
Top of the 7th over - 3 runs, 4 hits, 0 errors, 1 left on base; Orlando 5 - Staten Island 5
BOTTOM OF THE 7TH
Staten Island Pizza Rats batting - Pitching for Orlando Magic : RHP Alfredo Rodríguez
Batting: LHB Andrés Rodríguez 0-0: Called Strike
0-1: Called Strike
0-2: Strikes out looking
Batting: RHB Heherson Inaris 0-0: Foul Ball, location: 2F
0-1: Ball
1-1: Ball
2-1: Fly out, F8 (Flyball, 8LD)
Batting: RHB Héctor Amaya 0-0: Ball
1-0: Foul Ball, location: 2F
1-1: Swinging Strike
1-2: Ball
2-2: Foul Ball, location: 2F
2-2: Ground out 6-3 (Groundball, 6S)
Bottom of the 7th over - 0 runs, 0 hits, 0 errors, 0 left on base; Orlando 5 - Staten Island 5
TOP OF THE 8TH
Orlando Magic batting - Pitching for Staten Island Pizza Rats : RHP José Salinas
Batting: RHB Adrián Xirau 0-0: Called Strike
0-1: Foul Ball, location: 2F
0-2: Ball
1-2: SINGLE (Groundball, 6D)
Batting: RHB Jesús Ríos 0-0: Sac Bunt - play at first, batter safe!
Adrián Xirau to second
Batting: RHB Ángel Castro 0-0: Sac Bunt - play at first, batter OUT! 3-4
Adrián Xirau to third
Jesús Ríos to second
Batting: LHB Jimmy Wilcox 0-0: Called Strike
0-1: Ball
1-1: Called Strike
1-2: Ball
2-2: SINGLE (Flyball, 89M)
Adrián Xirau scores
Jesús Ríos to third
Batting: SHB Soren Loen 0-0: DOUBLE (Flyball, 8RXD)
Jesús Ríos scores
Jimmy Wilcox to third
Batting: SHB Manny López 0-0: Foul Ball, location: 2F
0-1: Ball
1-1: Swinging Strike
1-2: Foul Ball, location: 2F
1-2: Ball
2-2: Ball
3-2: Base on Balls
Batting: LHB Ewan Manshert 0-0: Foul Ball, location: 2F
0-1: Ball
1-1: Ball
2-1: Ball
3-1: Foul Ball, location: 2F
3-2: Foul Ball, location: 2F
3-2: Base on Balls
Jimmy Wilcox scores
Soren Loen to third
Manny López to second
Pitching: RHP Ramón Galván
Batting: SHB Max Bortenschlager 0-0: Ball
1-0: Ball
2-0: Foul Ball, location: 2F
2-1: Called Strike
2-2: SINGLE (Line Drive, 8RS)
Soren Loen scores
Manny López to third
Ewan Manshert to second
Batting: RHB Héctor Dávila 0-0: Fly out, F5 (Line Drive, 5)
Batting: RHB Adrián Xirau 0-0: Foul Ball, location: 2F
0-1: Foul Ball, location: 2F
0-2: Ball
1-2: Strikes out swinging
Top of the 8th over - 4 runs, 5 hits, 0 errors, 3 left on base; Orlando 9 - Staten Island 5
BOTTOM OF THE 8TH
Staten Island Pizza Rats batting - Pitching for Orlando Magic : RHP Alfredo Rodríguez
Batting: RHB Jeff Perkins 0-0: Ground out 6-3 (Groundball, 6S)
Batting: LHB Don Mosley 0-0: Foul Ball, location: 2F
0-1: Ball
1-1: Ball
2-1: Fly out, F4 (Line Drive, 4)
Batting: RHB John Mayasich 0-0: Called Strike
0-1: Swinging Strike
0-2: Foul Ball, location: 2F
0-2: Fly out, F8 (Flyball, 8LM)
Bottom of the 8th over - 0 runs, 0 hits, 0 errors, 0 left on base; Orlando 9 - Staten Island 5
TOP OF THE 9TH
Orlando Magic batting - Pitching for Staten Island Pizza Rats : RHP Ramón Galván
Batting: RHB Jesús Ríos 0-0: SINGLE (Line Drive, 9LS)
Batting: RHB Ángel Castro 0-0: Ball
1-0: Bunted foul
1-1: Sac Bunt - play at first, batter OUT! 1-4
Jesús Ríos to second
Batting: LHB Jimmy Wilcox 0-0: SINGLE (Groundball, 34D)
Jesús Ríos to third
Runner from 3rd tries for Home, SAFE, no throw
Batting: SHB Soren Loen 0-0: Ball
1-0: Foul Ball, location: 2F
1-1: Ball
2-1: Foul Ball, location: 2F
2-2: Foul Ball, location: 2F
2-2: Ball
3-2: Foul Ball, location: 2F
3-2: Foul Ball, location: 2F
3-2: Fly out, F1 (Line Drive, 13)
Batting: SHB Manny López 0-0: Ground out 4-3 (Groundball, 4)
Top of the 9th over - 1 run, 2 hits, 0 errors, 1 left on base; Orlando 10 - Staten Island 5
BOTTOM OF THE 9TH
Staten Island Pizza Rats batting - Pitching for Orlando Magic : RHP Alfredo Rodríguez
Now at 2B: Guillermo Pérez
Batting: RHB Carlos Gonzáles 0-0: Foul Ball, location: 2F
0-1: Ball
1-1: Ground out 4-3 (Groundball, 4)
Batting: RHB Nigel Sturges 0-0: Called Strike
0-1: Foul Ball, location: 2F
0-2: Ball
1-2: Ball
2-2: Fly out, F8 (Flyball, 8RD)
Batting: LHB Dallas McMurran 0-0: Ball
1-0: Ground out U3 (Groundball, 34D)
Bottom of the 9th over - 0 runs, 0 hits, 0 errors, 0 left on base; Orlando 10 - Staten Island 5
Wednesday, September 19th, 2018 - OOTP Baseball 18.8 Build 76